 Dungeon Crawl Stone Soup version 0.31-a0-1010-g5322dac6a2 (webtiles) character file.

Game seed: 16926589671633123243

2 glassdraggon the Stinger (level 1, 15/15 HPs)
             Began as a Djinni Fire Elementalist on Nov 16, 2023.
             Got out of the dungeon alive.
             The game lasted 00:02:50 (99 turns).

glassdraggon the Stinger (Djinni Fire Elementalist)   Turns: 99, Time: 00:02:51

Health: 15/15      AC:  2    Str:  7    XL:     1   Next: 44%
Gold:   0          EV: 12    Int: 16    God:
                   SH:  0    Dex: 13

rFire   + + .        b - +0 spear
rCold   x . .        (no shield)
rNeg    . . .        a - +0 robe
rPois   ∞            (no helmet)
rElec   .            (no cloak)
rCorr   .            (no gloves)
SInv    .            (boots unavailable)
Will    .....        (no amulet)
Stlth   ++           (no ring)
HPRegen 0.22/turn    (no ring)
MPRegen 0.00/turn

%: no passive effects
@: flying
A: sickness immunity, fire resistance 2, cold vulnerability 1, float, innate
caster, HP casting, extra vitality 1
a: no special abilities


You escaped.
You visited 1 branch of the dungeon, and saw 1 of its levels.

Inventory:

Hand Weapons
 b - a +0 spear (weapon)
Armour
 a - a +0 robe (worn)
Potions
 c - a potion of mutation {unknown}
 d - a potion of enlightenment {unknown}


   Skills:
 + Level 2.1 Dodging
 + Level 1.5 Stealth
 + Level 3.0 Spellcasting
 + Level 3.0 Conjurations
 + Level 3.0 Hexes
 + Level 3.0 Summonings
 + Level 3.0 Necromancy
 + Level 3.0 Translocations
 + Level 3.0 Transmutations
 + Level 3.0 Fire Magic
 + Level 3.0 Ice Magic
 + Level 3.0 Air Magic
 + Level 3.0 Earth Magic
 + Level 3.0 Poison Magic


You knew the following spells:

 Your Spells              Type           Power      Damage    Failure   Level
a - Foxfire               Conj/Fire      48%        2x1d6     5%          1
b - Scorch                Fire           24%        2d6       9%          2
c - Volatile Blastmotes   Fire/Tloc      24%        2d12      16%         3
d - Inner Flame           Hex/Fire       12%        N/A       16%         3
e - Flame Wave            Conj/Fire      12%        2d6       47%         4
Your spell library was empty.

Dungeon Overview and Level Annotations

Branches:
Dungeon (1/15)

Altars:


Innate Abilities, Weirdness & Mutations

You are immune to sickness and miasma.
You are immune to poison.
Your flesh is very heat resistant. (rF++)
You are vulnerable to cold. (rC-)
You float through the air rather than walking.
You learn spells naturally, not from books.
Your magical power is your life essence.
You have superior vitality. (+4 MHP)


Message History

b - a +0 spear
b - a +0 spear (weapon)
A giant cockroach comes into view.
You reach down and open the door.
You reach down and open the door.
A frilled lizard comes into view.
The frilled lizard hisses angrily.
There is an open door here.
You closely miss the frilled lizard. The frilled lizard barely misses you.
You hit the frilled lizard.
You kill the frilled lizard!
Found a stone staircase leading down.
A frilled lizard comes into view.
Found 4 stones.
You hit the frilled lizard.
You kill the frilled lizard!
A quokka comes into view.
Found a golden potion.
Found a fuming dark potion.
The quokka bites you. The quokka closely misses you.
You miss the quokka. The quokka bites you.
You hit the quokka.
The quokka is severely wounded.
The quokka bites you.
* * * LOW HITPOINT WARNING * * *
You hit the quokka.
You kill the quokka!
c - a golden potion 2 kobolds come into view.
Found a puce potion.
You see here a fuming dark potion.
You see here a fuming dark potion.
d - a fuming dark potion The kobold shouts!
You hear a shout!
There is an open door here.
You reach down and close the door.
A kobold breaks down the door.
The kobold barely misses you.
There is a staircase leading out of the dungeon here.
The kobold closely misses you.
You have escaped!

##### #.@.## #....
##K..## #...♣ ##.K.#
#.... #...##
######.♣.. ##...#
#......... #≈
#...###........♣
#≈~~##...##.........
#≈≈≈~'...'.......♣..
#≈~~##...#..........


You could see 2 kobolds.

Vanquished Creatures
  A quokka (D:1)
  2 frilled lizards (D:1)
3 creatures vanquished.

Notes
Turn   | Place    | Note
-------+----------+-------------------------------------------
     0 | D:1      | glassdraggon the Djinni Fire Elementalist began the quest
                  | for the Orb.
     0 | D:1      | glassdraggon set off with the following spells memorised:
                  | Foxfire, Scorch, Volatile Blastmotes, Inner Flame, Flame
                  | Wave.
     0 | D:1      | Reached XP level 1. HP: 15/15 MP: 0/0
    99 | D:$      | Got out of the dungeon alive.

Illustrated notes

Levels and vault maps discovered:
D:1:      evilmike_arrival_crescent, layout_basic, kennysheep_crisscross,
          hex_intersection, minmay_misc_feat_enclosed

Skill      XL: | |
---------------+-+-----
Spellcasting   | |  3.0
Conjurations   | |  3.0
Hexes          | |  3.0
Summonings     | |  3.0
Necromancy     | |  3.0
Translocations | |  3.0
Transmutations | |  3.0
Fire Magic     | |  3.0
Ice Magic      | |  3.0
Air Magic      | |  3.0
Earth Magic    | |  3.0
Poison Magic   | |  3.0
Dodging        | |  2.1
Stealth        | |  1.5

Action                     || total
---------------------------++-------
  Melee: Spear             ||     6
 Armour: Robe              ||     3
  Dodge: Dodged            ||     4

Table legend: (Time is in decaauts)
 A = Elapsed time spent in this place.
 B = Non-inter-level travel time spent in this place.
 C = Inter-level travel time spent in this place.
 D = Time resting spent in this place.
 E = Time spent auto-exploring this place.
 F = Levels seen in this place.
 G = Mean time per level.
                   A        B        C        D        E       F      G
               +--------+--------+--------+--------+--------+-----+--------+
         Total |     99 |     67 |     32 |      0 |      0 |   1 |   99.0 |
       Dungeon |     99 |     67 |     32 |      0 |      0 |   1 |   99.0 |
               +--------+--------+--------+--------+--------+-----+--------+

Top non-repeatable levels by time:
     D:1: 99 daAuts
